Map: Neon Violet Square LE

Players

Jonathas - Winner!

  • Race: Terran Terran
  • League: Diamond
  • Spawn Location: 5:00

Felix

  • Race: Protoss Protoss
  • League: Diamond
  • Spawn Location: 11:00

VOD

Have the link to the VOD?

Description

Time

  • Played on: Dec. 17, 2017, 6:45 a.m.
  • Length: 4:43
Show
View Real Time Build Order
Export as new Build Order

Jonathas Terran - Winner!

Build Orders: Cyclone Opening 

Get SALT Encoding   

  12  0:01  SCV  
  13  0:13  SCV  
  14  0:19  Supply Depot  
  14  0:25  SCV  
  15  0:31  Refinery  
  15  0:41  SCV  
  16  0:49  Barracks  
  16  0:53  SCV  
  17  1:00  Refinery  
  17  1:05  SCV  
  18  1:17  SCV  
  19  1:39  Barracks Reactor  
  19  1:44  Factory  
  19  1:48  SCV  
  19  1:52  Supply Depot  
  20  2:03  Orbital Command  
  23  2:37  Cyclone x2  
  23  2:38  Marine  
  27  2:50  Supply Depot  
  27  2:56  Marine  
  28  3:10  Cyclone  
  28  3:11  Cyclone  
  34  3:18  Supply Depot  
  34  3:31  SCV  
Show
View Real Time Build Order
Export as new Build Order

Felix Protoss 

Build Orders: 1 Gate Expand 

Get SALT Encoding   

  12  0:01  Probe  
  13  0:13  Probe  
  14  0:21  Pylon  
  14  0:25  Probe  
  15  0:44  Gateway  
  15  0:48  Probe (Chrono Boost)  
  17  0:59  Probe (Chrono Boost), Assimilator  
  17  1:03  Probe  
  18  1:15  Probe  
  19  1:28  Probe  
  20  1:37  Cybernetics Core  
  20  1:41  Nexus  
  20  1:55  Assimilator  
  20  1:57  Probe  
  20  1:58  Pylon  
  21  2:09  Probe  
  22  2:21  Robotics Facility  
  22  2:24  Probe  
  23  2:31  Stalker  
  25  2:39  Assimilator  
  25  2:41  Probe  
  26  2:53  Probe  
  26  2:54  Probe  
  28  3:05  Probe  
  28  3:09  Shield Battery  
  28  3:12  Immortal (Chrono Boost)  
  33  3:15  Probe  
  33  3:18  Probe  
  35  3:23  Stalker  
Tags
 
Add a new tag
Caveats
  • Supply blocks, unpowered buildings, or Contaminate may cause inaccurate times.
  • Supply counts are checked every 10 seconds.